 Dungeon Crawl Stone Soup version 0.28.0-1-gb440e238dd (webtiles) character file.

Game seed: 1603607496337144524

238414 themarg the Stormcaller (level 19, 0/127 HPs)
             Began as a Tengu Air Elementalist on Feb 25, 2022.
             Was the Champion of Vehumet.
             Slain by a naga (15 damage)
             ... on level 4 of the Snake Pit on Feb 28, 2022.
             The game lasted 10:08:19 (55781 turns).

themarg the Stormcaller (Tengu Air Elementalist)   Turns: 55781, Time: 10:08:19

Health: 0/127      AC: 12    Str: 13    XL:     19   Next: 72%
Magic:  24/58      EV: 13    Int: 29    God:    Vehumet [******]
Gold:   1551       SH: 11    Dex: 11    Spells: 3/50 levels left

rFire   + + .      SeeInvis +   b - +0 staff of Battle
rCold   + + .      Faith    .   V - +2 shield of Resistance {rF++ rC++ Will++}
rNeg    + + +      Spirit   .   o - +2 robe {rN+}
rPois   .          Reflect  .   q - +2 hat
rElec   .          Harm     .   Y - +2 cloak of Baozxoul {rN++ MP+9 Dex-3}
rCorr   .          Rampage  .   R - +2 pair of gloves
Will    ++++.                   (boots unavailable)
Stlth   +++.......              H - amulet of magic regeneration
HPRegen 0.31/turn               d - ring of Eternity {Will+ Str+4 Int+5 SInv}
MPRegen 0.76/turn               I - ring of magical power

@: marked, flying quickly and evasively, very slightly contaminated,
constricted, quick
A: beak, talons 3, nimble flight
}: 1/15 runes: barnacled
a: Renounce Religion


You were on level 4 of the Snake Pit.
You worshipped Vehumet.
Vehumet was exalted by your worship.
You visited 6 branches of the dungeon, and saw 32 of its levels.
You also visited: Ossuary, Ice Cave and Volcano.

You collected 2855 gold pieces.
You spent 1304 gold pieces at shops.

Inventory:

Hand Weapons
 a - the +7 dagger of Generosity {elec, rF+ MP+9 Dex+4 Stlth+}
   (You bought it in a shop on level 3 of the Dungeon)

   It occasionally discharges a powerful burst of electricity upon striking a
   foe.
   Dex:       It affects your dexterity (+4).
   rF:        It protects you from fire.
   MP:        It affects your magic capacity (+9).
   Stlth:     It makes you more stealthy.
 b - the +0 staff of Battle (weapon)
   (You acquired it on level 15 of the Dungeon)

   It enhances your conjuration magic.
   It summons a battlesphere in combat, with strength depending on Conjurations
   skill.
   Its strikes trigger the battlesphere's blasts.
 N - the +10 quarterstaff "Earthworm" {holy, rPois Dex+4}
   (You found it on level 5 of the Lair of Beasts)

   It has been blessed by the Shining One to cause great damage to the undead
   and demons.
   Dex:       It affects your dexterity (+4).
   rPois:     It protects you from poison.
Missiles
 l - 13 throwing nets
 p - 13 atropa-tipped darts
 Z - 7 curare-tipped darts
Armour
 o - a +2 robe of positive energy (worn)
 q - a +2 hat (worn)
 G - a +2 robe of resistance
 R - a +2 pair of gloves (worn)
 V - the +2 shield of Resistance (worn) {rF++ rC++ Will++}
   (You found it on level 10 of the Dungeon)

   rF:        It greatly protects you from fire.
   rC:        It greatly protects you from cold.
   Will:      It greatly increases your willpower.
 Y - the +2 cloak of Baozxoul (worn) {rN++ MP+9 Dex-3}
   (You found it on level 2 of the Orcish Mines)

   Dex:       It affects your dexterity (-3).
   rN:        It greatly protects you from negative energy.
   MP:        It affects your magic capacity (+9).
Jewellery
 d - the ring of Eternity (left hand) {Will+ Str+4 Int+5 SInv}
   (You acquired it on level 15 of the Dungeon)

   [ring of see invisible]

   Str:       It affects your strength (+4).
   Int:       It affects your intelligence (+5).
   SInv:      It lets you see invisible.
   Will:      It increases your willpower.
 f - a ring of poison resistance
 r - a +4 ring of protection
 s - a +4 ring of evasion
 z - a +6 ring of intelligence
 C - a ring of resist corrosion
 H - an amulet of magic regeneration (around neck)
 I - a ring of magical power (right hand)
Wands
 u - a wand of flame (102)
 v - a wand of digging (30)
 F - a wand of polymorph (11)
 O - a wand of acid (20)
 W - a wand of iceblast (14)
 X - a wand of paralysis (14)
Scrolls
 e - 7 scrolls of fear
 k - 16 scrolls of teleportation
 n - 2 scrolls of blinking
 t - 4 scrolls of enchant armour
 w - a scroll of silence
 x - 4 scrolls of fog
 J - 4 scrolls of brand weapon
 K - a scroll of enchant weapon
 T - 7 scrolls of magic mapping
Potions
 c - a potion of magic
 g - 3 potions of might
 h - 6 potions of brilliance
 i - 8 potions of mutation
 j - 6 potions of resistance
 m - 4 potions of lignification
 A - 2 potions of heal wounds
 B - 2 potions of invisibility
 D - 2 potions of curing
 E - 10 potions of haste
 L - a potion of ambrosia
 M - 2 potions of cancellation
 S - 5 potions of berserk rage
Miscellaneous
 y - a condenser vane
 P - a lightning rod (4/4)
 Q - a phantom mirror
 U - a box of beasts


   Skills:
 + Level 16.8 Fighting
 - Level 5.0 Short Blades
 - Level 12.0 Staves
 - Level 5.4 Armour
 - Level 10.0 Dodging
 - Level 5.4 Stealth
 - Level 5.0 Shields
 - Level 16.1 Spellcasting
 + Level 13.8 Conjurations
 - Level 0.3 Hexes
 - Level 6.4 Summonings
 - Level 0.4 Translocations
 - Level 1.5 Transmutations
 - Level 5.0 Fire Magic
 - Level 0.8 Ice Magic
 - Level 19.6 Air Magic
 - Level 1.6 Poison Magic
 - Level 3.5 Evocations


You had 3 spell levels left.
You knew the following spells:

 Your Spells              Type           Power      Damage    Failure   Level
a - Freezing Cloud        Conj/Ice/Air   47%        6-21      1%          5
b - Static Discharge      Conj/Air       100%       N/A       0%          2
c - Airstrike             Air            47%        N/A       0%          4
d - Summon Lightning Spi  Summ/Air       78%        N/A       1%          4
e - Maxwell's Capacitive  Air            47%        ∞         3%          8
f - Iskenderun's Mystic   Conj/Tloc      78%        2d16      1%          4
g - Summon Guardian Gole  Hex/Summ       43%        N/A       4%          3
h - Mephitic Cloud        Conj/Pois/Air  95%        N/A       1%          3
i - Call Canine Familiar  Summ           57%        N/A       1%          3
j - Starburst             Conj/Fire      43%        6d12      5%          6
k - Irradiate             Conj/Tmut      40%        3d27      1%          5

Your spell library contained the following spells:

 Spells                   Type           Power      Damage    Failure   Level
 Chain Lightning          Conj/Air       55%        3d73      78%         9
 Lehudib's Crystal Spear  Conj/Erth      38%        10d10     99%         8
 Fire Storm               Conj/Fire      43%        8d11      100%        9
 Shock                    Conj/Air       100%       1d9       0%          1
 Swiftness                Air            95%        N/A       0%          3
 Freeze                   Ice            100%       1d11      1%          1
 Sandblast                Erth           46%        2d11      1%          1
 Corpse Rot               Necr/Air       100%       N/A       1%          2
 Poisonous Vapours        Pois/Air       100%       N/A       1%          2
 Conjure Flame            Conj/Fire      87%        6-21      1%          3
 Dazzling Flash           Conj/Hex       100%       N/A       1%          3
 Ignite Poison            Fire/Tmut/Pois 39%        N/A       1%          3
 Inner Flame              Hex/Fire       38%        N/A       1%          3
 Stone Arrow              Conj/Erth      100%       3d13      1%          3
 Sting                    Tmut/Pois      100%       1d8       3%          1
 Apportation              Tloc           50%        N/A       4%          1
 Passwall                 Tmut/Erth      22%        N/A       6%          2
 Ensorcelled Hibernation  Hex/Ice        52%        N/A       7%          2
 Sublimation of Blood     Necr           23%        N/A       9%          2
 Ozocubu's Armour         Ice            28%        N/A       12%         3
 Portal Projectile        Hex/Tloc       50%        N/A       14%         3
 Sticky Flame             Conj/Fire      87%        2d10      1%          4
 Orb of Destruction       Conj           51%        9d13      4%          7
 Olgreb's Toxic Radiance  Pois           33%        N/A       8%          4
 Iron Shot                Conj/Erth      38%        9d8       13%         6
 Animate Armour           Summ/Erth      84%        N/A       14%         4
 Spellforged Servitor     Conj/Summ      44%        N/A       19%         7
 Lee's Rapid Deconstruct  Erth           11%        3d9*      36%         5
 Petrify                  Tmut/Erth      27%        N/A       38%         4
 Cause Fear               Hex            12%        N/A       43%         4
 Leda's Liquefaction      Hex/Erth       12%        N/A       45%         4
 Animate Dead             Necr           11%        N/A       50%         4
 Dispel Undead            Necr           23%        3d12      50%         4
 Storm Form               Tmut/Air       35%        N/A       52%         7
 Alistair's Intoxication  Tmut/Pois      21%        N/A       63%         5
 Blade Hands              Tmut           16%        N/A       63%         5
 Borgnjor's Vile Clutch   Necr/Erth      11%        N/A       83%         5
 Excruciating Wounds      Necr           11%        N/A       83%         5
 Statue Form              Tmut/Erth      18%        N/A       99%         6
 Ozocubu's Refrigeration  Ice            14%        4d7       99%         7
 Death Channel            Necr           11%        N/A       100%        6
 Discord                  Hex            12%        N/A       100%        8


Dungeon Overview and Level Annotations

Branches:
Dungeon (15/15)            Temple (1/1) D:6            Lair (6/6) D:11
 Shoals (4/4) Lair:4        Snake (4/4) Lair:3        Slime (0/5) Lair:6
    Orc (2/2) D:12            Elf (0/3) Orc:2        Vaults (0/5) D:14
 Depths (0/4) D:15        Ossuary (visited)           IceCv (visited)
Volcano (visited)

Altars:
Ashenzari
Cheibriados
Dithmenos
Elyvilon
Fedhas
Gozag
Hepliaklqana
Kikubaaqudgha
Makhleb
Nemelex Xobeh
Okawaru
Qazlal
Ru
Sif Muna
Trog
Uskayaw
Vehumet
Wu Jian
Xom
Yredelemnul
Zin
The Shining One
Beogh
Jiyva

Shops:
D:3 (   Orc:1 [   Orc:2 *[(:   Shoals:3 (   Snake:1 (   Snake:2 !**

Annotations:
Shoals:1 exclusion: downstairs


Innate Abilities, Weirdness & Mutations

You have a beak for a mouth.
You have claws for feet.
Your magical nature lets you fly swiftly and evasively.


Message History

The salamander is heavily wounded.
The salamander twists and deforms.
The naga warrior is blasted with magical radiation!!!
The naga warrior is almost dead.
The naga warrior twists and deforms.
The sea snake is blasted with magical radiation!!!
You kill the sea snake!
Vehumet accepts your kill.
You feel your power returning.
The naga is blasted with magical radiation!!
The naga is almost dead.
The naga twists and deforms.
The naga is blasted with magical radiation!!
You kill the naga!
Vehumet accepts your kill.
You feel your power returning.
You feel sick.
The sea snake is no longer moving slowly.
Your battlesphere is engulfed in freezing vapours.
The guardian serpent coils itself and waves its upper body at you.
The bolt of poison hits you!
You are more poisoned.
* * * LOW HITPOINT WARNING * * *
Your battlesphere is engulfed in freezing vapours.
The naga warrior hits you with a +0 scimitar!
* * * LOW HITPOINT WARNING * * *
The naga warrior constricts you.
* * * LOW HITPOINT WARNING * * *
The naga spits poison at you.
The splash of poison hits you but does no damage.
You are more poisoned.
A shock serpent comes into view.
You block the salamander's attack.
The naga warrior roars a battlecry!
The nagas go into a battle-frenzy!
Your battlesphere is engulfed in freezing vapours.
You feel better. The naga warrior closely misses you.
The naga warrior constricts you.
* * * LOW HITPOINT WARNING * * *
The naga hits you with a +0 dire flail!
You die...

#......#?...## ##
#..#.....(...###
...#...§§§S^§.....##
##[..○§)§§☼.§§§.....
#....S☼§).§§§§§.....
#§)§§.§§§......
#..).§§§§......
#..§°)N§§§.....
#§§☼)@.§§§...N.
#§§§NNN§§§§§...
#§§*§..§§§§S...
#########.§/...
.§§... ..§... .


You could see 2 naga warriors, a sea snake, a salamander (strong, misshapen), a
shock serpent, a guardian serpent, a naga (strong, misshapen) and a friendly
battlesphere.

Vanquished Creatures
  Vashnia (Snake:2)
  Saint Roka (Orc:2)
  Rupert (Orc:2)
  Jorgrun (Orc:2)
  Polyphemus (Shoals:2)
  The ghost of mortz the Destroyer, an adept HuCj of Vehumet (Lair:3)
  Frances (Snake:1)
  A kraken (Shoals:2)
  A titan (Shoals:2)
  Roxanne (Snake:2)
  A storm dragon (Shoals:4)
  2 nagarajas (Snake:2)
  A frost giant (Shoals:2)
  Aizul (Snake:1)
  An ironbound preserver (D:14)
  2 stone giants (Shoals:2)
  A minotaur (D:12)
  6 merfolk javelineers
  11 merfolk impalers
  7 naga warriors
  Harold (D:8)
  Erolcha (D:12)
  8 anacondas
  2 merfolk avatars
  7 centaur warriors (D:14)
  2 catoblepae
  12 hydras
  3 boulder beetles (D:14)
  An ogre mage (D:15)
  2 satyrs
  3 alligator snapping turtles
  4 merfolk aquamancers (Shoals:4)
  A death knight (D:13)
  8 two-headed ogres
  4 tengu warriors
  A vampire mage (D:15)
  15 death yaks
  5 orc high priests (Orc:2)
  17 naga sharpshooters
  5 shock serpents
  Nergalle (Orc:1)
  5 skeletal warriors
  A spark wasp zombie (D:15)
  4 salamander mystics
  7 naga ritualists
  21 sea snakes
  A necromancer (D:15)
  11 harpies
  6 orc knights
  A phantasmal warrior (D:13)
  A tengu skeleton (D:15)
  2 deep elf pyromancers
  16 mana vipers
  15 ugly things
  7 orc sorcerers
  5 fauns
  5 cyclopes
  Maurice (D:8)
  10 manticores
  8 salamanders
  13 elephants
  Joseph (D:8)
  5 guardian serpents
  A stone giant skeleton (D:15)
  9 water nymphs
  2 ice statues (IceCv)
  16 merfolk sirens
  3 gargoyles
  9 cane toads
  13 naga magi
  A molten gargoyle (Volcano)
  A torpor snail (Lair:4)
  43 black mambas
  A guardian mummy (D:15)
  8 komodo dragons
  A tengu conjurer (D:15)
  4 rime drakes
  2 ice devils (D:13)
  30 merfolk
  13 wind drakes
  A polar bear (shapeshifter) (D:14)
  3 polar bears
  3 trolls
  Grinder (D:5)
  12 blink frogs
  A raiju (shapeshifter) (D:13)
  10 dream sheep
  A meliai zombie (D:10)
  15 snapping turtles
  A spriggan skeleton (D:15)
  A shadow (D:9)
  A dire elephant simulacrum (IceCv)
  5 air elementals (Shoals:4)
  A centaur simulacrum (D:15)
  3 wyverns
  5 wraiths
  33 yaks
  2 fire elementals (Volcano)
  25 water elementals
  4 basilisks
  8 vampire mosquitoes (D:13)
  2 steam dragons
  34 nagas
  6 wargs
  An acid dragon (D:13)
  7 water moccasins
  Duvessa (D:5)
  A nameless horror (D:8)
  40 orc warriors
  A boggart (D:8)
  A necrophage (D:8)
  A sky beast (D:5)
  12 ogres
  8 wolves
  13 centaurs
  A phantom (D:6)
  Blork the orc (D:5)
  3 kobold brigands
  An elf zombie (D:6)
  7 bullfrogs
  An elf skeleton (D:6)
  A cane toad simulacrum (IceCv)
  3 scorpions
  Dowan (D:5)
  2 jellies (D:7)
  11 killer bees
  An elephant simulacrum (IceCv)
  4 howler monkeys
  2 bullfrog zombies (D:7)
  3 human zombies
  5 centaur zombies
  25 orc priests
  2 gnoll shamans
  3 hounds
  A centaur skeleton (D:7)
  A human skeleton (D:6)
  4 iguanas
  11 orc wizards
  2 wolf simulacra (IceCv)
  3 mummies (Ossuary)
  A howler monkey skeleton (D:5)
  9 gnolls
  6 adders
  2 shadow imps
  2 white imps (D:5)
  2 adder skeletons (D:4)
  5 dart slugs
  105 orcs
  4 endoplasms
  6 giant cockroaches
  2 gnoll zombies (Ossuary)
  8 goblins
  11 hobgoblins
  A quokka (D:3)
  3 ball pythons (D:4)
  3 bats
  4 frilled lizards
  3 hobgoblin zombies (Ossuary)
  19 kobolds
  4 kobold zombies (Ossuary)
  An orc skeleton (D:6)
  An orc zombie (D:6)
  7 rats
  3 tentacles (Shoals:2)
1024 creatures vanquished.

Vanquished Creatures (collateral kills)
  Josephine (Lair:4)
  Fannar (Lair:2)
  3 boulder beetles
  2 hydras
  A merfolk aquamancer (Shoals:1)
  Erica (Orc:1)
  A two-headed ogre (D:10)
  2 death yaks (Lair:4)
  Urug (D:11)
  Sonja (Lair:1)
  A sea snake (Shoals:1)
  A lindwurm (Lair:5)
  2 phantasmal warriors (D:13)
  A manticore (D:12)
  A cyclops (D:14)
  4 elephants (Lair:4)
  3 black mambas
  3 cane toads
  2 komodo dragons
  A troll (Orc:1)
  7 blink frogs
  16 yaks
  A wyvern (D:8)
  2 wraiths
  A basilisk (Lair:1)
  Grum (Lair:1)
  A death yak simulacrum (IceCv)
  2 wargs
  A naga (Lair:3)
  2 water moccasins
  An ice beast (D:7)
  A black bear (Lair:3)
  10 orc warriors
  3 ogres
  3 wolves
  A centaur (Lair:4)
  5 bullfrogs
  8 killer bees
  3 nameless horrors
  A howler monkey (D:9)
  5 orc priests
  3 orc wizards
  A wolf simulacrum (IceCv)
  A killer bee zombie (D:7)
  An ufetubus (D:7)
  16 orcs
  4 kobolds
134 creatures vanquished.

Vanquished Creatures (others)
  Ilsuiw (Shoals:2)
  An ugly thing (IceCv)
  An ice statue (IceCv)
  A cane toad (Lair:2)
  An anaconda simulacrum (IceCv)
  A blink frog (Lair:2)
  54 fungi
  118 plants
  2 tentacles (Shoals:2)
  5 withered plants (D:15)
185 creatures vanquished.

Grand Total: 1343 creatures vanquished

Notes
Turn   | Place    | Note
-------+----------+-------------------------------------------
     0 | D:1      | themarg the Tengu Air Elementalist began the quest for the
                  | Orb.
     0 | D:1      | Reached XP level 1. HP: 10/10 MP: 4/4
   196 | D:1      | Reached XP level 2. HP: 11/15 MP: 0/6
  1072 | D:1      | Learned a level 2 spell: Static Discharge
  1227 | D:2      | Reached skill level 5 in Air Magic
  1295 | D:2      | Reached XP level 3. HP: 19/19 MP: 3/7
  1495 | D:2      | Found a broken altar of Ashenzari.
  1743 | D:2      | Found a faded altar of an unknown god.
  2270 | D:3      | Reached XP level 4. HP: 24/24 MP: 4/8
  2344 | D:3      | Found Piblots's Antique Weapon Emporium.
  3326 | D:4      | Found an ornate altar of the Wu Jian Council.
  3415 | D:4      | Found a shimmering altar of Xom.
  3416 | D:4      | Found a glowing silver altar of Zin.
  3416 | D:4      | Noticed an angel
  3442 | D:4      | Reached skill level 6 in Air Magic
  3471 | D:4      | Gained mutation: Your magical nature lets you fly swiftly
                  | and evasively. [Tengu growth]
  3471 | D:4      | Reached XP level 5. HP: 28/28 MP: 5/9
  3608 | D:4      | Reached skill level 1 in Short Blades
  3879 | D:4      | Noticed an ogre
  3905 | D:4      | Killed an ogre
  3906 | D:4      | Reached XP level 6. HP: 32/32 MP: 6/11
  4274 | D:4      | Found a blossoming altar of Fedhas.
  4274 | D:4      | Found a stormy altar of Qazlal.
  4275 | D:4      | Found a shimmering blue altar of Sif Muna.
  4427 | D:5      | Entered Level 5 of the Dungeon
  4482 | D:5      | Reached skill level 5 in Conjurations
  4490 | D:5      | Reached XP level 7. HP: 27/36 MP: 4/13
  4676 | D:5      | Noticed Dowan
  4680 | D:5      | Noticed Blork the orc
  5020 | D:5      | Learned a level 4 spell: Airstrike
  5061 | D:5      | Killed Blork the orc
  5062 | D:5      | Reached skill level 7 in Air Magic
  5279 | D:5      | Noticed Grinder
  5304 | D:5      | Killed Grinder
  5374 | D:5      | Reached XP level 8. HP: 41/41 MP: 9/15
  5562 | D:5      | Reached skill level 5 in Spellcasting
  5776 | D:5      | Found a hide-covered altar of Uskayaw.
  5776 | D:5      | Noticed a +0 falchion
  5778 | D:5      | Noticed a +0 short sword
  5778 | D:5      | Noticed a +0 dagger
  5778 | D:5      | Noticed a +0 short sword
  5779 | D:5      | Noticed a +0 spear
  5780 | D:5      | Noticed a +0 dagger
  5780 | D:5      | Noticed a +0 spear
  5781 | D:5      | Noticed a +0 falchion
  5937 | D:5      | Noticed Duvessa
  6265 | D:5      | Killed Duvessa
  6355 | D:5      | Killed Dowan
  6582 | D:6      | Found a sand-covered staircase.
  6591 | D:6      | Reached skill level 8 in Air Magic
  6595 | Ossuary  | Entered an ossuary
  6595 | Ossuary  | Noticed a wraith
  6595 | Ossuary  | Noticed a wraith
  6595 | Ossuary  | Noticed a wraith
  7193 | Ossuary  | Noticed a wraith
  7200 | Ossuary  | Killed a wraith
  7552 | D:6      | Reached skill level 1 in Fighting
  7627 | D:6      | Reached XP level 9. HP: 47/47 MP: 13/18
  7953 | D:6      | Found a staircase to the Ecumenical Temple.
  7962 | Temple   | Entered the Ecumenical Temple
  8346 | D:6      | Reached skill level 9 in Air Magic
  8675 | D:6      | Learned a level 4 spell: Summon Lightning Spire
  8695 | D:7      | Found a shadowy altar of Dithmenos.
  9152 | D:7      | Found a radiant altar of Vehumet.
  9158 | D:7      | Became a worshipper of Vehumet
  9316 | D:7      | Reached skill level 1 in Summonings
  9972 | D:8      | Noticed Joseph
  9982 | D:8      | Killed Joseph
  9983 | D:8      | Reached skill level 10 in Air Magic
  9983 | D:8      | Reached XP level 10. HP: 33/52 MP: 3/21
 10181 | D:3      | Bought a translucent dagger for 189 gold pieces
 10181 | D:3      | Identified the +7 dagger of Generosity {elec, rF+ MP+9
                  | Dex+4 Stlth+} (You bought it in a shop on level 3 of the
                  | Dungeon)
 10595 | D:8      | Noticed Harold
 10858 | D:8      | Noticed a cyclops
 11112 | D:8      | Noticed Maurice
 11254 | D:8      | Killed Maurice
 11667 | D:8      | Noticed a centaur warrior
 11697 | D:8      | Killed a cyclops
 11831 | D:8      | Killed Harold
 11832 | D:8      | Reached skill level 11 in Air Magic
 12038 | D:9      | Found a hazy altar of Hepliaklqana.
 12313 | D:9      | Noticed a tengu warrior
 12317 | D:9      | Reached XP level 11. HP: 57/57 MP: 24/24
 12322 | D:9      | Killed a tengu warrior
 12323 | D:9      | Reached skill level 5 in Dodging
 12352 | D:9      | Reached * piety under Vehumet
 12352 | D:9      | Offered knowledge of Foxfire by Vehumet.
 12403 | D:9      | Reached skill level 10 in Conjurations
 13001 | D:10     | Entered Level 10 of the Dungeon
 13017 | D:10     | Noticed a two-headed ogre
 13027 | D:10     | Killed a two-headed ogre
 13028 | D:10     | Reached skill level 12 in Air Magic
 13145 | D:10     | Found the +2 shield of Resistance {rF++ rC++ Will++}
 13801 | D:10     | Reached skill level 1 in Armour
 13961 | D:10     | Found an iron altar of Okawaru.
 13963 | D:10     | Found a bloodstained altar of Trog.
 13965 | D:10     | Found a sacrificial altar of Ru.
 14069 | D:11     | Noticed Urug
 14077 | D:11     | Killed Urug
 14156 | D:11     | Noticed a two-headed ogre
 14164 | D:11     | Killed a two-headed ogre
 14238 | D:11     | Reached ** piety under Vehumet
 14268 | D:11     | Offered knowledge of Freeze by Vehumet.
 14618 | D:11     | Found a staircase to the Lair.
 14745 | D:11     | Reached XP level 12. HP: 66/66 MP: 26/26
 14832 | D:11     | Learned a level 1 spell: Freeze
 14837 | D:11     | Learned a level 4 spell: Iskenderun's Mystic Blast
 14841 | D:11     | Learned a level 3 spell: Summon Guardian Golem
 14842 | Lair:1   | Entered Level 1 of the Lair of Beasts
 15328 | Lair:1   | Noticed a four-headed hydra
 15338 | Lair:1   | Killed a four-headed hydra
 15484 | Lair:1   | Noticed Grum
 15487 | Lair:1   | Noticed Sonja
 15492 | Lair:1   | Killed Grum
 15497 | Lair:1   | Killed Sonja
 16006 | Lair:1   | Offered knowledge of Mephitic Cloud by Vehumet.
 16092 | Lair:1   | Learned a level 3 spell: Mephitic Cloud
 16148 | Lair:1   | Reached skill level 10 in Spellcasting
 16462 | Lair:2   | Noticed a five-headed hydra
 16472 | Lair:2   | Killed a five-headed hydra
 16473 | Lair:2   | Reached skill level 5 in Summonings
 16642 | Lair:2   | Reached skill level 13 in Air Magic
 16895 | Lair:2   | Reached skill level 5 in Fighting
 17061 | Lair:2   | Reached skill level 5 in Armour
 17062 | Lair:2   | Noticed Fannar
 17251 | Lair:2   | Killed Fannar
 17589 | Lair:3   | Reached *** piety under Vehumet
 17598 | Lair:3   | Reached skill level 1 in Poison Magic
 17683 | Lair:3   | Reached XP level 13. HP: 67/74 MP: 23/28
 17899 | Lair:3   | Found a staircase to the Snake Pit.
 18045 | Lair:3   | Reached skill level 1 in Shields
 18045 | Lair:3   | Reached skill level 14 in Air Magic
 18312 | Lair:3   | Found a runed translucent door.
 18312 | Lair:3   | Noticed mortz's ghost (adept HuCj)
 18572 | Lair:3   | Offered knowledge of Fulminant Prism by Vehumet.
 20402 | D:12     | Reached **** piety under Vehumet
 20475 | D:12     | Noticed Erolcha
 20484 | D:12     | Found a staircase to the Orcish Mines.
 20497 | D:12     | Killed Erolcha
 20589 | D:12     | Offered knowledge of Ignite Poison by Vehumet.
 21048 | D:12     | Found a runed translucent door.
 22328 | Lair:4   | Reached skill level 15 in Air Magic
 22536 | Lair:4   | Noticed Josephine
 22542 | Lair:4   | Killed Josephine
 22543 | Lair:4   | Reached XP level 14. HP: 63/82 MP: 10/30
 22681 | Lair:4   | Found a staircase to the Shoals.
 23044 | Lair:4   | Found a runed translucent door.
 24121 | Lair:5   | Reached ***** piety under Vehumet
 24142 | Lair:5   | Identified the +10 quarterstaff "Earthworm" {holy, rPois
                  | Dex+4}
 25294 | D:13     | Offered knowledge of Irradiate by Vehumet.
 25346 | D:13     | Reached skill level 16 in Air Magic
 25700 | D:13     | Found a frozen archway.
 25709 | IceCv    | Entered an ice cave
 26041 | IceCv    | Learned a level 3 spell: Call Canine Familiar
 26167 | IceCv    | Learned a level 6 spell: Starburst
 27654 | Orc:1    | Entered Level 1 of the Orcish Mines
 27677 | Orc:1    | Reached skill level 1 in Evocations
 27718 | Orc:1    | Noticed Nergalle
 27724 | Orc:1    | Killed Nergalle
 27780 | Orc:1    | Noticed Erica
 27785 | Orc:1    | Killed Erica
 27873 | Orc:1    | Found Coedem's Antique Armour Boutique.
 27888 | Orc:1    | Found a dark tunnel.
 27902 | Orc:1    | Learned a level 5 spell: Irradiate
 27918 | Volcano  | Entered a volcano
 28830 | Orc:1    | Reached XP level 15. HP: 89/89 MP: 9/32
 29506 | Orc:2    | Entered Level 2 of the Orcish Mines
 29537 | Orc:2    | Noticed Jorgrun
 29992 | Orc:2    | Found a staircase to the Elven Halls.
 30111 | Orc:2    | Reached skill level 5 in Stealth
 30117 | Orc:2    | Identified the +2 cloak of Baozxoul {rN++ MP+9 Dex-3}
 30119 | Orc:2    | Reached skill level 17 in Air Magic
 30192 | Orc:2    | Killed Jorgrun
 30737 | Orc:2    | Noticed Saint Roka
 30738 | Orc:2    | Noticed Rupert
 31241 | Shoals:1 | Entered Level 1 of the Shoals
 31573 | Shoals:1 | Offered knowledge of Yara's Violent Unravelling by Vehumet.
 33522 | Shoals:2 | Reached skill level 1 in Transmutations
 33683 | Shoals:2 | Noticed a kraken
 33691 | Shoals:2 | Killed a kraken
 33870 | Shoals:2 | Reached skill level 18 in Air Magic
 34054 | Shoals:2 | Noticed Ilsuiw
 34067 | Shoals:2 | Killed Ilsuiw
 34859 | Orc:2    | Reached XP level 16. HP: 76/97 MP: 34/34
 35055 | Orc:2    | Reached skill level 10 in Fighting
 35055 | Orc:2    | Reached skill level 10 in Dodging
 35214 | Orc:2    | Found Uxiepte's General Store.
 35275 | Orc:2    | Bought a potion of curing for 36 gold pieces
 35283 | Orc:2    | Found Anlezoty's Antique Armour Shoppe.
 35437 | Orc:2    | Killed Rupert
 35695 | Orc:2    | Killed Saint Roka
 35940 | Orc:2    | Found Zeamm's Book Shoppe.
 36002 | Orc:2    | Reached ****** piety under Vehumet
 36128 | Orc:2    | Found Baill's Weapon Shop.
 36236 | Orc:2    | Bought a glowing cloak for 172 gold pieces
 36582 | D:12     | Offered knowledge of Freezing Cloud by Vehumet.
 36589 | D:12     | Learned a level 5 spell: Freezing Cloud
 36935 | Snake:1  | Entered Level 1 of the Snake Pit
 36944 | Snake:1  | Reached skill level 5 in Shields
 36953 | Snake:1  | Reached skill level 5 in Short Blades
 37320 | Snake:1  | Reached skill level 19 in Air Magic
 37514 | Snake:1  | Found Hevvoicwe's Antique Weapon Shop.
 37954 | Snake:1  | Noticed Frances
 39321 | D:14     | Found a gate to the Vaults.
 40145 | D:15     | Entered Level 15 of the Dungeon
 40524 | D:15     | Reached skill level 15 in Spellcasting
 40746 | D:15     | Reached XP level 17. HP: 104/104 MP: 37/37
 41037 | D:15     | Identified 2 scrolls of acquirement
 41038 | D:15     | Acquired the ring of Eternity {Will+ Str+4 Int+5 SInv}
 41042 | D:15     | Acquired the +0 staff of Battle
 41042 | D:15     | Found the +0 staff of Battle
 41213 | D:15     | Found a staircase to the Depths.
 41252 | D:15     | Offered knowledge of Conjure Ball Lightning by Vehumet.
 41944 | D:15     | Learned a level 8 spell: Maxwell's Capacitive Coupling
 42173 | Snake:1  | Killed Frances
 42196 | Snake:1  | Noticed Aizul
 42205 | Snake:1  | HP: 4/104 [Aizul (16)]
 42207 | Snake:1  | Killed Aizul
 43253 | Snake:1  | Reached skill level 1 in Staves
 43697 | Snake:2  | Found Usolun's Assorted Antiques.
 43728 | Snake:2  | Reached skill level 1 in Fire Magic
 43887 | Snake:2  | Bought a scroll of identify for 70 gold pieces
 43887 | Snake:2  | Bought a wand of digging (9) for 280 gold pieces
 43893 | Snake:2  | Identified Roxanne's Compendium of Clay
 43893 | Snake:2  | Noticed Roxanne
 43897 | Snake:2  | Killed Roxanne
 44551 | Snake:2  | Found Addock's General Store.
 44561 | Snake:2  | Bought a potion of heal wounds for 80 gold pieces
 44561 | Snake:2  | Bought a potion of curing for 48 gold pieces
 44645 | Snake:2  | Offered knowledge of Fireball by Vehumet.
 45471 | Snake:2  | Found Aselleg's Distillery.
 45481 | Snake:2  | Bought a potion of haste for 130 gold pieces
 45481 | Snake:2  | Bought a potion of haste for 130 gold pieces
 45481 | Snake:2  | Bought a potion of invisibility for 104 gold pieces
 45481 | Snake:2  | Bought a potion of heal wounds for 65 gold pieces
 45933 | Snake:2  | Noticed Vashnia
 45950 | Snake:2  | Killed Vashnia
 45951 | Snake:2  | Reached skill level 5 in Staves
 45951 | Snake:2  | Reached skill level 5 in Fire Magic
 46729 | Snake:3  | Reached XP level 18. HP: 102/113 MP: 11/39
 48015 | Snake:3  | Offered knowledge of Iskenderun's Battlesphere by Vehumet.
 48975 | Shoals:2 | Noticed a titan
 49422 | Shoals:2 | Noticed Polyphemus
 49430 | Shoals:2 | Killed Polyphemus
 50398 | Shoals:3 | Found Qacw's Weapon Boutique.
 50653 | Shoals:3 | Identified the +1 robe of Kycakuta {rC+}
 51367 | Lair:3   | Killed mortz's ghost
 51443 | Lair:6   | Entered Level 6 of the Lair of Beasts
 51513 | Lair:6   | Reached skill level 10 in Staves
 51695 | Lair:6   | Offered knowledge of Eringya's Noxious Bog by Vehumet.
 51850 | Lair:6   | Identified the amulet "Buwkut" {RegenMP rF+}
 51851 | Lair:6   | Identified the +6 hand axe "Xuchei" {drain, rElec SInv}
 52205 | Lair:6   | Found a staircase to the Slime Pits.
 52205 | Lair:6   | Found a viscous altar of Jiyva.
 52500 | Lair:6   | Reached XP level 19. HP: 123/123 MP: 40/40
 53006 | Shoals:4 | Entered Level 4 of the Shoals
 53009 | Shoals:4 | Reached skill level 15 in Fighting
 53247 | Shoals:4 | Paralysed by an air elemental for 1 turns
 53601 | Shoals:4 | Offered knowledge of Lehudib's Crystal Spear by Vehumet.
 53601 | Shoals:4 | Offered knowledge of Fire Storm by Vehumet.
 53601 | Shoals:4 | Offered knowledge of Chain Lightning by Vehumet.
 54560 | Shoals:4 | Found a shimmering altar of Xom.
 54678 | Shoals:4 | Paralysed by an air elemental for 1 turns
 55252 | Shoals:4 | Got a barnacled rune of Zot
 55751 | Snake:4  | Entered Level 4 of the Snake Pit
 55781 | Snake:4  | Slain by a naga

Illustrated notes

Levels and vault maps discovered:
D:1:      psy_arrival_whirlpool, layout_basic
D:2:      layout_loops_ring, hellmonk_ecumenical_altar_slurped_away, basic_altar
D:3:      layout_basic, serial_shops, nicolae_diamond_shop
D:4:      layout_cave_pools, grunt_temple_overflow_order_and_chaos_1,
          chequers_temple_overflow_statue_of_worship, nzn_wu_jian_contemplation
D:5:      layout_basic, nicolae_uskayaw_en_pointe, uniq_blork_the_orc,
          uniq_duvessa, uniq_grinder
D:6:      layout_loops_ring, minmay_temple_entry_grid,
          nicolae_ossuary_entry_catacombs, nicolae_elevator_lobby_plus
D:7:      layout_gridville, nicolae_vehumet_altar_sigil,
          nicolae_dithmenos_the_darkroom
D:8:      layout_cave_pods, minmay_three_doors, uniq_harold, uniq_maurice,
          uniq_joseph
D:9:      layout_gridville, mainiacjoe_overflow_boulevard
D:10:     layout_layer_cave, grunt_temple_overflow_diamond
D:11:     layout_rooms, lair_entry_dummy, uniq_urug
D:12:     dreamdust_labyrinth, layout_long_grid, erik_orc_3, uniq_erolcha
D:13:     layout_layer_cave, portal_ice_cave_demonic_guard
D:14:     layout_irregular_city, skrybe_vaults_entry_preservation,
          nicolae_elevator_lobby_asterisk
D:15:     gammafunk_depths_entry_grave, layout_grid_maze
Temple:   grunt_temple_mini_profane
Lair:1:   layout_chaotic_city, grunt_megastairs_1, uniq_grum, uniq_sonja
Lair:2:   layout_cave_pods, st_stairs_9, uniq_fannar
Lair:3:   layout_layer_cave, guppyfry_snake_entry_garden,
          ebering_ghost_reflecting_pool
Lair:4:   layout_small_grid, minmay_shoals_entry_centaurs,
          chequers_serial_rivers_room_a, pf_torpor_hydra, uniq_josephine
Lair:5:   layout_cave_pods, gauntlet_entry_generic, lemuel_fruit_fields,
          grunt_megastairs_3
Lair:6:   gammafunk_lair_ancient_temple, layout_long_grid, slime_altar_1
Shoals:1: layout_shoals
Shoals:2: cheibrodos_shoals_gigantism, layout_shoals, uniq_polyphemus,
          uniq_ilsuiw
Shoals:3: layout_shoals, serial_shops, nicolae_square_shop
Shoals:4: shoals_end_hellmonk_storm_palace [storm_palace_center_square,
          storm_palace_corner_narrow, storm_palace_corner_grid,
          storm_palace_corner_altar, storm_palace_corner_blocked]
Snake:1:  layout_grid_shapes, serial_shops, shop_statue, drop_trap, uniq_aizul,
          uniq_frances
Snake:2:  nicolae_snake_unarmed_stairs_patrol, layout_layer_cave, serial_shops,
          nicolae_shop_hallway_stairs, nicolae_lakefront_shop,
          nicolae_shop_advertising_works [nicolae_subvault_shop_adworks],
          uniq_roxanne, uniq_vashnia
Snake:3:  layout_misc_corridors
Snake:4:  johnstein_snake_rune_scales, layout_rooms, minmay_shop_star,
          serial_bayou_shore_a, serial_bayou_shore_b
Orc:1:    layout_caves, serial_shops, shop, nicolae_volcano_entry_hallway,
          nooodl_orcs_dogs, uniq_nergalle, uniq_erica
Orc:2:    pubby_orc_utopia, uniq_rupert, uniq_jorgrun

Skill      XL: |  1  2  3  4  5  6  7  8  9 10 11 12 13 14 15 16 17 18 19 |
---------------+----------------------------------------------------------+-----
Air Magic      | 5 6 7 8 10 11 12 13 15 16 18 19 | 19.6
Conjurations   | 2 4 5 6 7 8 9 10 11 12 13 | 13.8
Short Blades   | 1 2 3 4 5 |  5.0
Spellcasting   | 3 4 5 7 8 9 10 11 12 13 15 16 | 16.1
Dodging        | 3 4 6 7 9 10 | 10.0
Fighting       | 1 3 5 7 8 9 11 12 14 16 | 16.8
Stealth        | 3 4 5 |  5.4
Summonings     | 2 3 4 5 6 |  6.4
Armour         | 3 5 |  5.4
Poison Magic   | 1 |  1.6
Shields        | 3 4 5 |  5.0
Evocations     | 2 3 |  3.5
Transmutations | 1 |  1.5
Staves         | 6 11 12 | 12.0
Fire Magic     | 5 |  5.0
Hexes          | |  0.3
Translocations | |  0.4
Ice Magic      | |  0.8

Action                   |  1- 3 |  4- 6 |  7- 9 | 10-12 | 13-15 | 16-18 | 19-21 || total
-------------------------+-------+-------+-------+-------+-------+-------+-------++-------
Melee: Dagger            |    10 |    17 |   165 |    56 |   155 |    36 |       ||   439
       Kick              |     3 |     1 |    58 |    24 |    60 |    19 |     3 ||   168
       Peck              |       |     2 |    32 |    16 |    46 |    15 |     3 ||   114
       Unarmed           |       |       |     3 |       |       |       |       ||     3
       Punch             |       |       |     4 |       |       |       |       ||     4
       Staff             |       |       |       |       |     1 |    10 |    10 ||    21
 Cast: Shock             |    72 |   104 |   200 |   295 |    54 |       |       ||   725
       Static Discharge  |       |     5 |    38 |    48 |    59 |     6 |       ||   156
       Summon Lightning  |       |       |     9 |    67 |    97 |     9 |       ||   182
       Airstrike         |       |       |       |    10 |   521 |   384 |    38 ||   953
       Mephitic Cloud    |       |       |       |     4 |    22 |    20 |     1 ||    47
       Summon Guardian G |       |       |       |     4 |     6 |     1 |       ||    11
       Freeze            |       |       |       |     1 |       |       |       ||     1
       Iskenderun's Myst |       |       |       |       |    30 |   142 |    46 ||   218
       Call Canine Famil |       |       |       |       |     4 |     3 |       ||     7
       Starburst         |       |       |       |       |     1 |    37 |    30 ||    68
       Irradiate         |       |       |       |       |    27 |    33 |     3 ||    63
       Freezing Cloud    |       |       |       |       |       |   239 |   101 ||   340
       Maxwell's Capacit |       |       |       |       |       |    16 |     1 ||    17
Evoke: Wand              |       |       |       |       |    11 |       |       ||    11
       Phantom mirror    |       |       |       |       |     1 |       |       ||     1
  Use: Scroll            |       |     6 |     5 |     8 |    12 |    10 |       ||    41
       Potion            |       |       |       |       |     5 |     2 |     3 ||    10
 Stab: Sleeping          |       |       |     2 |       |    11 |       |       ||    13
       Distracted        |       |       |       |     4 |     3 |       |       ||     7
       Confused          |       |       |       |       |     2 |     3 |       ||     5
       Invisible         |       |       |       |       |     1 |       |       ||     1
Armor: Robe              |     1 |     5 |    52 |    22 |    31 |    20 |     4 ||   135
       Skin              |       |       |     1 |       |       |       |       ||     1
Dodge: Dodged            |     6 |    12 |   128 |   112 |   163 |    68 |    19 ||   508
Block: Kite shield       |       |       |       |    12 |   147 |    81 |    25 ||   265
